 Dungeon Crawl Stone Soup version 0.23.1 (webtiles) character file.

Game seed: 3824037086912334980

35 Borgoz the Skirmisher (level 3, -1/31 HPs)
             Began as a Ghoul Monk on Mar 16, 2019.
             Slain by a worker ant zombie (5 damage)
             ... on level 2 of the Dungeon.
             The game lasted 00:01:40 (901 turns).

Borgoz the Skirmisher (Ghoul Monk)                   Turns: 901, Time: 00:01:41

Health: -1/31      AC:  5    Str: 14    XL:     3   Next: 33%
Magic:  2/2        EV: 11    Int:  6    God:
Gold:   104        SH:  0    Dex: 11    Spells: 2/2 levels left

rFire    . . .     SeeInvis .   a - +0 short sword
rCold    + . .     Gourm    .   (no shield)
rNeg     + + +     Faith    .   i - +0 ring mail
rPois    ∞         Spirit   .   (no helmet)
rElec    .         Reflect  .   (no cloak)
rCorr    .         Harm     .   (no gloves)
MR       .....                  (no boots)
Stlth    +.........             (no amulet)
HPRegen  0.00/turn              d - ring of flight
MPRegen  0.08/turn              (no ring)

@: rotting
A: rotting body, claws 1, carnivore, cold resistance 1, negative energy
resistance 3, inhibited regeneration, torment resistance, unbreathing
a: Evoke Flight


You were on level 2 of the Dungeon.
You were not hungry.

You visited 1 branch of the dungeon, and saw 2 of its levels.

You collected 104 gold pieces.

Inventory:

Hand Weapons
 a - a +0 short sword (weapon)
Armour
 b - a +0 robe
 i - a +0 ring mail (worn)
Jewellery
 d - a ring of flight (left claw)
Scrolls
 h - a scroll of identify {unknown}
 j - a scroll of fog {unknown}
 k - a scroll of teleportation {unknown}
 l - a scroll of random uselessness {unknown}
 n - a scroll of amnesia {unknown}
Potions
 e - a potion of curing {unknown}
 g - 2 potions of haste {unknown}
 m - a potion of berserk rage {unknown}
Comestibles
 c - 3 rations
 f - 3 chunks of flesh


   Skills:
 + Level 3.5 Fighting
 * Level 3.0 Short Blades
 * Level 1.0 Armour
 * Level 3.0 Dodging
 + Level 2.5 Stealth


You had 2 spell levels left.
You didn't know any spells.
Your spell library was empty.

Dungeon Overview and Level Annotations

Branches:
Dungeon (2/15)

Altars:
Dithmenos
Gozag
Kikubaaqudgha
Ru
Xom


Innate Abilities, Weirdness & Mutations

Your body is rotting away.
You thrive on raw meat.
You are immune to poison.
You have sharp fingernails.
You are carnivorous and can eat meat at any time.
Your flesh is cold resistant. (rC+)
You are immune to negative energy. (rN+++)
You do not regenerate when monsters are visible.
You are immune to unholy pain and torment.
You can survive without breathing.


Message History

The worker ant zombie bites you.
* * * LOW HITPOINT WARNING * * *
You barely miss the worker ant zombie.
The worker ant zombie is heavily damaged.
The worker ant zombie bites you but does no damage.
Eat one of 4 chunks of flesh? (ye/n/q)
You eat one of the 4 chunks of flesh.
This raw flesh tastes great!
The worker ant zombie bites you.
* * * LOW HITPOINT WARNING * * *
You hit the worker ant zombie.
The worker ant zombie is severely damaged.
The worker ant zombie bites you.
* * * LOW HITPOINT WARNING * * *
You hit the worker ant zombie.
The worker ant zombie is almost destroyed.
The worker ant zombie closely misses you.
You hit the worker ant zombie.
The worker ant zombie is almost destroyed.
The worker ant zombie bites you.
You die...

#÷# #........# ##.# #.....†..#
...# #........# #### #........#
..... #........# .....
####################'### $?....
.............## ##'#### ......
###########...#####...>.##......
#.....@Z......#.......
#....###......#.......
##+#.#.#......)$.♣
#...(.w..♣♣.♣....♣ #####....♣.♣♣
♣♣♣.. +....)..♣..♣ ######.♣♣♣..♣
#...♣♣♣♣ #).♣♣


You could see a worker ant zombie.

Vanquished Creatures
  A dart slug (D:2)
  A leopard gecko (D:1)
  7 bats
  A giant cockroach (D:2)
  7 hobgoblins
  3 jackals (D:2)
  A quokka (D:2)
  A frilled lizard (D:1)
  2 goblins
  A kobold (D:1)
  3 rats
28 creatures vanquished.

Notes
Turn   | Place    | Note
-------+----------+-------------------------------------------
     0 | D:1      | Borgoz the Ghoul Monk began the quest for the Orb.
     0 | D:1      | Reached XP level 1. HP: 19/19 MP: 0/0
   148 | D:1      | Reached XP level 2. HP: 21/26 MP: 1/1
   417 | D:1      | Found a stormy altar of Qazlal.
   420 | D:1      | Found an opulent altar of Gozag.
   420 | D:1      | Found a shimmering altar of Xom.
   422 | D:1      | Found an ancient bone altar of Kikubaaqudgha.
   422 | D:1      | Found a sacrificial altar of Ru.
   422 | D:1      | Found an ancient bone altar of Kikubaaqudgha.
   740 | D:2      | Found a shadowy altar of Dithmenos.
   846 | D:2      | Reached XP level 3. HP: 22/31 MP: 2/2
   857 | D:2      | Reached skill level 1 in Armour
   901 | D:2      | Slain by a worker ant zombie

Skill      XL: |  1  2  3 |
---------------+----------+-----
Short Blades   | 3 |  3.0
Armour         | 1 |  1.0
Dodging        | 3 |  3.0
Fighting       | |  3.5
Stealth        | |  2.5

Action                   || total
-------------------------++-------
Melee: Short sword       ||   109
 Stab: Sleeping          ||     3
  Eat: Chunk             ||     5
Armor: Ring mail         ||    46
       Robe              ||     4
Dodge: Dodged            ||    76
